 Dungeon Crawl Stone Soup version 0.19.0-11-g3fc08b3 (webtiles) character file.

5494 tomat the Cleaver (level 10, -2/96 HPs)
             Began as a Minotaur Berserker on Nov 8, 2016.
             Was a High Priest of Trog.
             Killed from afar by an orc wizard (13 damage)
             ... with a puff of flame
             ... on level 10 of the Dungeon on Nov 9, 2016.
             The game lasted 01:13:24 (8042 turns).

tomat the Cleaver (Minotaur Berserker)              Turns: 8042, Time: 01:13:25

Health: -2/96      AC:  0    Str: 24    XL:     10   Next: 42%
Magic:  8/8        EV: 16    Int:  4    God:    Trog [*****.]
Gold:   412        SH:  0    Dex: 11    Spells: 0 memorised, 9 levels left

rFire  . . .     SeeInvis .     (weapon currently unavailable)
rCold  . . .     Gourm    .     (armour currently unavailable)
rNeg   . . .     Faith    .     (shield currently unavailable)
rPois  .         Spirit   .     (helmet currently unavailable)
rElec  .         Reflect  .     (cloak currently unavailable)
rCorr  .         Harm     +     (gloves currently unavailable)
MR     ++...                    (boots currently unavailable)
Stlth  ++........               G - amulet of harm
                                (ring currently unavailable)
                                (ring currently unavailable)

@: exhausted, pig-form (expiring), very slightly contaminated, regenerating,
slowed, invisible
A: (retaliatory headbutt), (horns 0), low mp 1, robust 1
a: Berserk, Trog's Hand, Brothers in Arms, Burn Spellbooks, Renounce Religion


You were on level 10 of the Dungeon.
You worshipped Trog.
Trog was extremely pleased with you.
You were near starving.
You were a filthy swine.
You visited 1 branch of the dungeon, and saw 10 of its levels.

You collected 412 gold pieces.

Inventory:

Hand Weapons
 b - a +1 flail of draining
 n - a +0 hand axe of electrocution (melded)
 H - a +2 whip of electrocution
 P - a +1 flail of holy wrath
 Q - a +2 dagger of chaos
 T - a +4 shortbow
Missiles
 h - 60 arrows (quivered)
 m - 34 poisoned needles
 A - 2 curare-tipped needles
Armour
 v - a +0 pair of gloves (melded)
 E - a +2 scale mail of cold resistance (melded)
Jewellery
 s - a ring of positive energy (melded)
 G - an amulet of harm (around neck)
Wands
 D - a wand of flame (38/48)
 N - a wand of hasting (7/9)
 O - a wand of flame (6/48)
 V - a wand of flame (10/48)
Scrolls
 f - 7 scrolls of identify
 i - 2 scrolls of magic mapping
 k - 4 scrolls of remove curse
 p - a scroll of vulnerability {unknown}
 q - 6 scrolls of teleportation
 y - 3 scrolls of noise
 B - a scroll of random uselessness
 C - a scroll of immolation {unknown}
 J - 4 scrolls of fear
 K - a scroll of blinking
 M - a scroll of recharging
 R - a scroll of enchant armour {unknown}
 Z - a scroll of enchant weapon {unknown}
Potions
 a - a potion of cure mutation {unknown}
 d - a potion of lignification {unknown}
 e - a potion of invisibility
 g - 6 potions of curing
 l - 3 potions of berserk rage {unknown}
 r - a potion of might {unknown}
 t - a potion of magic {unknown}
 u - a potion of cancellation {unknown}
 x - 2 potions of resistance
 z - 3 potions of heal wounds {unknown}
 F - 2 potions of flight {unknown}
 I - 3 potions of brilliance {unknown}
 S - 3 potions of mutation {unknown}
 W - a potion of degeneration {unknown}
 X - 2 potions of haste {unknown}
Comestibles
 c - 2 fruits
 j - 2 beef jerkies
 o - 6 meat rations
 L - 2 bread rations
 U - 2 slices of pizza
 Y - 2 royal jellies


   Skills:
 + Level 8.3 Fighting
 + Level 10.9(11.8) Axes
 + Level 7.4(10.2) Maces & Flails
 + Level 9.2 Armour
 + Level 5.2 Dodging
 + Level 3.0 Stealth
 + Level 0.4 Unarmed Combat
 + Level 0.6 Evocations


You had 9 spell levels left.
You didn't know any spells.

Dungeon Overview and Level Annotations

Branches:
Dungeon (10/15)            Temple (0/1) D:7
   Lair: D:8-11         Orc: D:9-12

Altars:
Dithmenos
Fedhas
Sif Muna
Trog

Shops:
D:4 [

Annotations:
D:10 Maurice


Innate Abilities, Weirdness & Mutations

((You reflexively headbutt those who attack you in melee.))
((You have a pair of horns on your head.))
Your magical capacity is low. (-10% MP)
You are robust. (+10% HP)


Message History

Okay, then.
Your skin crawls.
You feel resistant to hostile enchantments.
You are near starving!
Your transformation is almost over.
You hear a zap.
Something tries to affect you, but you resist.
You hear a zap.
Something tries to affect you, but you resist.
It was a potion of invisibility.
You fade into invisibility!
Something hits you.
* * * LOW HITPOINT WARNING * * *
The orc warrior closely misses you.
You hear a zap.
Something tries to affect you, but you resist.
You hear some strange, mumbled words.
A puff of flame appears from out of thin air!
The puff of flame hits you!
You die...

########################
........................
#....<.........h..$....
#..########..o########.
# #...# #..o# #..(#
......).# .........
.......... ...........


You could see an orc.

Vanquished Creatures
  Pikel (D:4)
  Psyche (D:8)
  2 trolls
  Grinder (D:5)
  A hippogriff (D:9)
  Prince Ribbit (D:5)
  Sigmund (D:4)
  Eustachio (D:5)
  A hungry ghost (D:7)
  Edmund (D:5)
  2 water moccasins
  An orc warrior (D:7)
  A slave (D:4)
  2 sky beasts (D:9)
  3 ice beasts
  A phantom (D:3)
  4 centaurs
  7 ogres
  A bullfrog (D:7)
  A scorpion (D:4)
  2 howler monkeys (D:9)
  A centaur zombie (D:5)
  5 crimson imps
  A bullfrog zombie (D:9)
  A bullfrog skeleton (D:6)
  A hound (D:7)
  A centaur skeleton (D:8)
  7 orc priests
  A jelly (D:5)
  11 orc wizards
  Jessica (D:3)
  3 iguanas
  4 worker ants
  A hound zombie (D:9)
  A hound skeleton (D:4)
  A worker ant zombie (D:8)
  3 gnolls (D:8)
  4 adders
  A shadow imp (D:9)
  An ooze (D:4)
  2 worms (D:4)
  2 dart slugs
  5 leopard geckos
  18 orcs
  3 giant cockroaches
  11 goblins
  9 hobgoblins
  15 jackals
  9 kobolds
  3 quokkas
  4 bats
  6 frilled lizards
  2 quokka skeletons
  2 rats
176 creatures vanquished.

Vanquished Creatures (others)
  A slave (D:4)
  A scorpion (D:4)
  A giant cockroach (D:4)
  A quokka skeleton (D:4)
4 creatures vanquished.

Grand Total: 180 creatures vanquished

Notes
Turn   | Place    | Note
-------+----------+-------------------------------------------
     0 | D:1      | tomat the Minotaur Berserker began the quest for the Orb.
     0 | D:1      | Reached XP level 1. HP: 19/19 MP: 0/0
   353 | D:1      | Reached XP level 2. HP: 24/27 MP: 1/1
  1001 | D:2      | Reached ** piety under Trog
  1001 | D:2      | Reached XP level 3. HP: 19/33 MP: 2/2
  1631 | D:3      | Noticed Jessica
  1641 | D:3      | Killed Jessica
  1641 | D:3      | Reached XP level 4. HP: 41/41 MP: 3/3
  2033 | D:3      | Reached skill level 1 in Axes
  2033 | D:3      | Reached skill level 1 in Stealth
  2034 | D:3      | Reached skill level 2 in Axes
  2034 | D:3      | Reached XP level 5. HP: 47/47 MP: 4/4
  2318 | D:3      | Noticed a phantom
  2358 | D:3      | Killed a phantom
  2381 | D:4      | Reached skill level 3 in Axes
  2385 | D:4      | Reached XP level 6. HP: 53/53 MP: 5/5
  2420 | D:4      | Noticed a slave
  2420 | D:4      | Noticed a slave
  2420 | D:4      | Noticed a slave
  2420 | D:4      | Noticed a slave
  2421 | D:4      | Noticed Pikel
  2430 | D:4      | Killed Pikel
  2430 | D:4      | Reached skill level 5 in Fighting
  2430 | D:4      | Reached skill level 5 in Axes
  2430 | D:4      | Reached skill level 5 in Armour
  2430 | D:4      | Reached XP level 7. HP: 61/61 MP: 6/6
  2556 | D:4      | Reached *** piety under Trog
  2560 | D:4      | Reached skill level 6 in Axes
  2824 | D:4      | Reached XP level 8. HP: 66/70 MP: 7/7
  3123 | D:4      | Found Iqulydal's Antique Armour Emporium.
  3146 | D:4      | Noticed Sigmund
  3162 | D:4      | Killed Sigmund
  3162 | D:4      | Reached skill level 7 in Axes
  3372 | D:5      | Entered Level 5 of the Dungeon
  3372 | D:5      | Noticed Edmund
  3378 | D:5      | Killed Edmund
  3667 | D:5      | Noticed Eustachio
  3672 | D:5      | Killed Eustachio
  3692 | D:5      | Noticed Grinder
  3697 | D:5      | Killed Grinder
  3697 | D:5      | Reached skill level 8 in Axes
  3950 | D:5      | Noticed Prince Ribbit
  3960 | D:5      | Killed Prince Ribbit
  3960 | D:5      | Reached skill level 9 in Axes
  3960 | D:5      | Reached XP level 9. HP: 74/78 MP: 8/8
  4065 | D:5      | Reached **** piety under Trog
  4434 | D:6      | Found a shadowy altar of Dithmenos.
  5425 | D:6      | Found a blossoming altar of Fedhas.
  5855 | D:7      | Reached skill level 10 in Axes
  6070 | D:7      | Found a staircase to the Ecumenical Temple.
  6123 | D:7      | Reached skill level 5 in Maces & Flails
  6412 | D:7      | Found a deep blue altar of Sif Muna.
  6876 | D:8      | Noticed Psyche
  6890 | D:8      | Killed Psyche
  6890 | D:8      | Reached XP level 10. HP: 82/88 MP: 9/9
  6985 | D:8      | Reached ***** piety under Trog
  7527 | D:9      | Reached skill level 5 in Dodging
  7648 | D:9      | Gained mutation: You are clumsy. (Dex -2) [mutagenic meat]
  7649 | D:9      | Lost mutation: You are clumsy. (Dex -2) [mutagenic meat]
  7650 | D:9      | Gained mutation: You are robust. (+10% HP) [mutagenic meat]
  7651 | D:9      | Gained mutation: Your magical capacity is low. (-10% MP) [mutagenic meat]
  7795 | D:9      | Found a bloodstained altar of Trog.
  8010 | D:10     | Entered Level 10 of the Dungeon
  8019 | D:10     | Noticed Maurice
  8042 | D:10     | Killed from afar by an orc wizard

Skill      XL: |  1  2  3  4  5  6  7  8  9 10 |
---------------+-------------------------------+-----
Fighting       | 4 5 6 7 8 |  8.3
Maces & Flails | 4 6 7 |  7.4
Armour         | 3 4 5 6 8 9 |  9.2
Axes           | 2 3 5 6 9 10 | 10.9
Stealth        | 1 2 3 |  3.0
Dodging        | 3 4 5 |  5.2
Unarmed Combat | |  0.4
Evocations     | |  0.6

Action                   |  1- 3 |  4- 6 |  7- 9 | 10-12 || total
-------------------------+-------+-------+-------+-------++-------
Melee: Mace              |    30 |       |       |       ||    30
       Headbutt          |     9 |     5 |    51 |    18 ||    83
       Hand axe          |    54 |    44 |   177 |    42 ||   317
       Flail             |       |       |    45 |    22 ||    67
       Unarmed           |       |       |       |    12 ||    12
Invok: Berserk           |     1 |     4 |     6 |     1 ||    12
       Burn Spellbooks   |       |       |     1 |       ||     1
       Trog's Hand       |       |       |       |     1 ||     1
Evoke: Wand              |       |     1 |       |       ||     1
  Use: Scroll            |       |       |     4 |     8 ||    12
       Potion            |       |       |     1 |     1 ||     2
  Eat: Bread ration      |     1 |     1 |     6 |       ||     8
       Fruit             |       |       |     2 |     1 ||     3
       Chunk             |       |       |       |     5 ||     5
Armor: Animal skin       |     2 |       |       |       ||     2
       Ring mail         |    16 |     5 |       |       ||    21
       Scale mail        |       |     9 |    47 |    32 ||    88
Dodge: Dodged            |    50 |    26 |    64 |    36 ||   176
Block: Shield            |       |       |    10 |       ||    10
